 Dungeon Crawl Stone Soup version 0.21-a0-122-g43b3ea6 (webtiles) character file.

870 sagitran the Chopper (level 7, -4/55 HPs)
             Began as a Demonspawn Abyssal Knight on July 13, 2017.
             Was an Elder of Lugonu.
             Slain by an orc
             ... wielding a +0 war axe
              (11 damage)
             ... on level 6 of the Dungeon.
             The game lasted 00:23:23 (5163 turns).

sagitran the Chopper (Demonspawn Abyssal Knight)    Turns: 5163, Time: 00:23:23

Health: -4/55      AC:  2    Str: 14    XL:     7   Next: 73%
Magic:  0/8        EV: 12    Int: 13    God:    Lugonu [****..]
Gold:   106        SH:  4    Dex: 13    Spells: 5/6 levels left

rFire    . . .     SeeInvis +   a - +1 hand axe
rCold    + . .     Gourm    .   (no shield)
rNeg     . . .     Faith    .   L - -2 leather armour (curse)
rPois    .         Spirit   +   (helmet restricted)
rElec    .         Reflect  .   C - scarf {Spirit}
rCorr    .         Harm     .   (no gloves)
MR       ++...                  K - +0 pair of boots of Gozag's Generosity {MR++ SInv}
Stlth    +++.......             (no amulet)
HPRegen  0.18/turn              e - ring of protection from cold
MPRegen  0.11/turn              (no ring)

@: no status effects
A: beak, horns 1, large bone plates 1, demonic guardian 2, nightstalker 1,
evolution 1
a: Depart the Abyss, Bend Space, Banish, Corrupt, Renounce Religion


You were on level 6 of the Dungeon.
You worshipped Lugonu.
Lugonu was greatly pleased with you.
You were very hungry.

You visited 1 branch of the dungeon, and saw 6 of its levels.
You visited the Abyss 1 time.

You collected 290 gold pieces.
You spent 184 gold pieces at shops.

Inventory:

Hand Weapons
 a - a +1 hand axe (weapon)
 c - a +0 hunting sling
Missiles
 d - 25 sling bullets
 n - 4 tomahawks (quivered)
Armour
 b - a +0 leather armour
 s - a +2 helmet
 w - a +0 pair of boots
 C - a scarf of spirit shield (worn)
 K - the +0 pair of boots of Gozag's Generosity (worn) {MR++ SInv}
   (You found it on level 6 of the Dungeon)

   It affects your resistance to hostile enchantments.
   It lets you see invisible.
 L - a cursed -2 leather armour (worn)
Jewellery
 e - a ring of protection from cold (left hand)
 H - an uncursed ring of magical power {unknown}
Wands
 r - a wand of flame (28/48)
Scrolls
 f - a scroll of remove curse
 h - 2 scrolls of teleportation {unknown}
 k - a scroll of noise {unknown}
 l - a scroll of amnesia {unknown}
 p - 3 scrolls of immolation {unknown}
 u - a scroll of recharging {unknown}
 y - 2 scrolls of enchant armour {unknown}
 A - a scroll of enchant weapon {unknown}
 B - a scroll of magic mapping {unknown}
 J - a scroll of identify
Potions
 m - a potion of invisibility
 o - a potion of berserk rage
 q - a potion of flight
 t - 2 potions of brilliance
 x - a potion of agility {unknown}
 D - a potion of degeneration {unknown}
 E - a potion of magic {unknown}
 F - a potion of haste {unknown}
 G - a potion of ambrosia {unknown}
Books
 g - a book of Cantrips

   Spells                             Type                      Level
   a - Confusing Touch                Hexes                        1
   b - Animate Skeleton               Necromancy                   1
   c - Summon Small Mammal            Summoning                    1
   d - Apportation                    Translocation                1
Comestibles
 i - a fruit
 j - 3 meat rations
 z - 4 bread rations
 I - a royal jelly


   Skills:
 + Level 4.6 Fighting
 + Level 5.1 Axes
 + Level 1.4(1.7) Slings
 + Level 1.3(1.7) Throwing
 + Level 3.5 Armour
 + Level 2.5 Dodging
 + Level 2.6 Stealth
 + Level 2.5 Invocations


You had 5 spell levels left.
You knew the following spells:

 Your Spells              Type           Power        Failure   Level  Hunger
a - Animate Skeleton      Necr           N/A          36%         1    ##.....


Dungeon Overview and Level Annotations

Branches:
Dungeon (6/15)             Temple (0/1) D:6

Altars:
Hepliaklqana
Kikubaaqudgha
Makhleb
Zin

Shops:
D:4 (   D:5 [


Innate Abilities, Weirdness & Mutations

You have a pair of small horns on your head.
You are partially covered in large bone plates. (SH +4)
A demonic guardian rushes to your aid.
You are slightly more attuned to the shadows.
You have a beak for a mouth.
You evolve.


Message History

You barely miss the orc.
The orc priest hits you but does no damage.
The orc barely misses you.
You closely miss the orc priest. Your peck misses the orc priest.
The orc priest is heavily wounded.
You hit the orc but do no damage.
The orc priest hits you with a morningstar!
* * * LOW HITPOINT WARNING * * *
The orc closely misses you.
You closely miss the orc priest. Your peck misses the orc priest.
The orc priest is heavily wounded.
You closely miss the orc. The orc hits you with a war axe!
* * * LOW HITPOINT WARNING * * *
The orc priest hits you with a morningstar.
* * * LOW HITPOINT WARNING * * *
The orc priest begins to cast a cantrip, but forgets the words!
You hit the orc but do no damage.
The orc is lightly wounded.
The orc hits you with a war axe!
You die...

#......#
#......#
######.#
#......#
#.#.#......#
#.#.#......##
###
#.#...)......
... #.#
#......# ###
#.# #...[..#
#.###oo....#
#...@#######
####.# #.#
..# ###


You could see an orc priest and an orc.

Vanquished Creatures
  Sigmund (D:2)
  2 ogres
  A howler monkey (D:5)
  A crimson imp (D:5)
  An orc wizard (D:6)
  3 worker ants (D:4)
  A hound skeleton (D:4)
  7 adders
  An ooze (D:5)
  2 worms
  7 leopard geckos
  4 orcs
  5 bat zombies (D:3)
  16 goblins
  4 hobgoblins
  3 jackals (D:3)
  5 kobolds
  3 quokkas
  2 ball pythons (D:2)
  6 bats
  3 frilled lizards
  2 quokka skeletons
  10 rats
90 creatures vanquished.

Vanquished Creatures (collateral kills)
  An ice beast (D:6)
  An ogre (D:6)
  A bullfrog (D:6)
  A scorpion (D:4)
  2 worker ants
  Robin (D:2)
  4 gnolls (D:2)
  3 orcs (D:6)
  3 goblins (D:2)
  A hobgoblin (D:2)
  A quokka (D:4)
19 creatures vanquished.

Grand Total: 109 creatures vanquished

Notes
Turn   | Place    | Note
-------+----------+-------------------------------------------
     0 | Abyss:1  | sagitran the Demonspawn Abyssal Knight began the quest for the Orb.
     0 | Abyss:1  | Reached XP level 1. HP: 18/18 MP: 2/2
    36 | D:1      | Escaped the Abyss
    49 | D:1      | Found a burning altar of Makhleb.
   343 | D:1      | Gained mutation: You are slightly more attuned to the shadows. [demonic ancestry]
   343 | D:1      | Reached XP level 2. HP: 22/24 MP: 3/3
   355 | D:1      | Reached skill level 1 in Dodging
   355 | D:1      | Reached skill level 2 in Axes
   424 | D:1      | Reached ** piety under Lugonu
   738 | D:2      | Gained mutation: You are partially covered in large bone plates. (SH +4) [demonic ancestry]
   738 | D:2      | Reached XP level 3. HP: 22/29 MP: 4/4
  1121 | D:3      | Found a hazy altar of Hepliaklqana.
  1204 | D:2      | Noticed Sigmund
  1224 | D:2      | Killed Sigmund
  1224 | D:2      | Reached skill level 3 in Axes
  1224 | D:2      | Reached skill level 1 in Stealth
  1224 | D:2      | Gained mutation: A weak demonic guardian rushes to your aid. [demonic ancestry]
  1224 | D:2      | Reached XP level 4. HP: 16/37 MP: 5/5
  1224 | D:2      | Gained mutation: A demonic guardian rushes to your aid. [demonic ancestry]
  1224 | D:2      | Reached XP level 5. HP: 18/42 MP: 6/6
  1439 | D:2      | Noticed Robin
  1463 | D:2      | Killed Robin
  2395 | D:3      | Found an ancient bone altar of Kikubaaqudgha.
  2693 | D:3      | Reached *** piety under Lugonu
  2698 | D:3      | Gained mutation: You have a pair of small horns on your head. [demonic ancestry]
  2698 | D:3      | Reached XP level 6. HP: 48/48 MP: 7/7
  3087 | D:4      | Learned a level 1 spell: Animate Skeleton
  3148 | D:4      | Found Aghecikk's Antique Weapon Shop.
  3175 | D:4      | Reached skill level 4 in Axes
  3487 | D:5      | Entered Level 5 of the Dungeon
  3944 | D:4      | Gained mutation: Your body sometimes deteriorates upon taking damage. [potion of mutation]
  3944 | D:4      | Gained mutation: Your natural rate of healing is unusually fast. [potion of mutation]
  3945 | D:4      | Lost mutation: Your body sometimes deteriorates upon taking damage. [potion of mutation]
  3945 | D:4      | Lost mutation: Your natural rate of healing is unusually fast. [potion of mutation]
  3945 | D:4      | Gained mutation: You evolve. [potion of mutation]
  3945 | D:4      | Gained mutation: You have sharp toenails. [potion of mutation]
  3945 | D:4      | Gained mutation: You have a beak for a mouth. [potion of mutation]
  4170 | D:5      | Lost mutation: You have sharp toenails. [evolution]
  4365 | D:5      | Found Fuqaed's Antique Armour Shop.
  4371 | D:5      | Bought an embroidered scarf for 184 gold pieces
  4515 | D:5      | Found a glowing silver altar of Zin.
  4747 | D:5      | Reached skill level 1 in Slings
  4747 | D:5      | Reached XP level 7. HP: 55/55 MP: 8/8
  4972 | D:6      | Got a pair of smoking boots
  4975 | D:6      | Found a staircase to the Ecumenical Temple.
  4987 | D:6      | Reached skill level 1 in Throwing
  5016 | D:6      | Reached skill level 5 in Axes
  5138 | D:6      | Identified the +0 pair of boots of Gozag's Generosity {MR++ SInv} (You found it on level 6 of the Dungeon)
  5156 | D:6      | Reached **** piety under Lugonu
  5163 | D:6      | Slain by an orc

Vault maps used:
D:1:      sevenhm_arrival_forest_fort_small_6, minmay_pentomino_v2
D:2:      uniq_sigmund, uniq_robin
D:3:      kennysheep_vampire_church, lemuel_crystal_altar
D:4:      first_bread, serial_shops, shop
D:5:      zin_scriptorium, serial_shops, nicolae_shop_behind_doors
D:6:      temple_green, nicolae_ossuary_entry_monument, portal_sewer_entry_f,
          minivault_25, minmay_strange_pillars, lemuel_oklob_altar
Abyss:2:  evilmike_abyss_exit_mutagenic

Skill      XL: |  1  2  3  4  5  6  7 |
---------------+----------------------+-----
Armour         | 2 3 |  3.5
Dodging        | 1 2 |  2.5
Axes           | 2 3 4 5 |  5.1
Fighting       | 4 |  4.6
Stealth        | 1 2 |  2.6
Slings         | 1 |  1.4
Throwing       | 1 |  1.3
Invocations    | |  2.5

Action                   |  1- 3 |  4- 6 |  7- 9 || total
-------------------------+-------+-------+-------++-------
Melee: Hand axe          |    89 |   185 |    41 ||   315
       Headbutt          |       |    15 |     7 ||    22
       Peck              |       |     5 |     5 ||    10
 Fire: Hunting sling     |       |     9 |       ||     9
Throw: Tomahawk          |       |    18 |     3 ||    21
Invok: Bend Space        |       |     1 |       ||     1
  Use: Potion            |     1 |     3 |     3 ||     7
       Scroll            |       |     3 |       ||     3
 Stab: Sleeping          |     1 |     8 |     1 ||    10
       Distracted        |       |     1 |       ||     1
  Eat: Bread ration      |       |     2 |       ||     2
       Royal jelly       |       |     1 |       ||     1
       Fruit             |       |       |     1 ||     1
       Chunk             |       |       |     1 ||     1
Armor: Leather armour    |    34 |    74 |    10 ||   118
Dodge: Dodged            |    75 |   135 |    39 ||   249
Block: Other             |     4 |    40 |     7 ||    51
